 Dungeon Crawl Stone Soup version 0.30-a0-385-gfebfb9b408 (webtiles) character file.

Game seed: 5324618220018191655

8682 Pooter the Cleaver (level 11, -3/99 HPs)
             Began as a Minotaur Fighter on Dec 2, 2022.
             Was a Believer of Okawaru.
             Slain by an ogre
             ... wielding a +0 giant club
              (14 damage)
             ... on level 1 of the Orcish Mines.
             The game lasted 00:42:28 (8427 turns).

Pooter the Cleaver (Minotaur Fighter)               Turns: 8427, Time: 00:42:28

Health: -3/99      AC: 20    Str: 28    XL:     11   Next: 13%
Magic:  25/25      EV:  9    Int:  5    God:    Okawaru [**....]
Gold:   585        SH:  0    Dex: 13    Spells: 10/10 levels left

rFire   . . .      SeeInvis .    b - +0 arbalest
rCold   + . .      Faith    +    (shield currently unavailable)
rNeg    . . .      Spirit   .    X - +0 plate armour
rPois   .          Reflect  .    J - +4 hat of Objectivity {rC+ Str+3 Dex+3}
rElec   .          Harm     .    G - +0 cloak
rCorr   +          Rampage  .    n - +0 pair of gloves
Will    .....                    (no boots)
Stlth   ..........               w
                                   - Hermit's Pendant {Faith Invo=14 Evo=0 MP+5}
HPRegen 0.36/turn                C - ring of resist corrosion
MPRegen 0.19/turn                (no ring)

@: heroic
A: horns 2, retaliatory headbutt
a: Renounce Religion, Heroism


You were on level 1 of the Orcish Mines.
You worshipped Okawaru.
Okawaru was pleased with you.
You visited 3 branches of the dungeon, and saw 11 of its levels.
You also visited: Sewer.

You collected 585 gold pieces.

Inventory:

Hand Weapons
 a - a +3 battleaxe of freezing
   (You took it off a wight on level 9 of the Dungeon)
 b - a +0 arbalest (weapon)
   (You took it off an orc warrior on level 7 of the Dungeon)
 c - a +3 war axe of draining
   (You took it off an orc on level 9 of the Dungeon)
 v - a +0 trident
 y - a +3 vorpal war axe
   (You took it off an orc on level 5 of the Dungeon)
 E - the +7 flail of Outrage {speed, rPois}
   (You found it on level 4 of the Dungeon)

   Attacks with this weapon are significantly faster.
   rPois:     It protects you from poison.
 H - a +4 quarterstaff of chaos
   (You took it off Crazy Yiuf on level 6 of the Dungeon)
Missiles
 k - a curare-tipped dart
 L - 2 boomerangs
 Q - 58 stones
 T - 17 poisoned darts
 U - 2 javelins
Armour
 n - a +0 pair of gloves (worn)
   (You found it on level 3 of the Dungeon)
 G - a +0 cloak (worn)
   (You took it off Crazy Yiuf on level 6 of the Dungeon)
 J - the +4 hat of Objectivity (worn) {rC+ Str+3 Dex+3}
   (You acquired it on level 5 of the Dungeon)

   Str:       It affects your strength (+3).
   Dex:       It affects your dexterity (+3).
   rC:        It protects you from cold.
 X - a +0 plate armour (worn)
   (You took it off an orc warrior on level 9 of the Dungeon)
Jewellery
 w - the Hermit's Pendant (around neck) {Faith Invo=14 Evo=0 MP+5}
   (You found it on level 4 of the Dungeon)

   [amulet of faith]

   It sets your invocations skill to 14 and your evocations skill to 0.
   It allows you to gain divine favour quickly.
   MP:        It affects your magic capacity (+5).
 x - a ring of ice
   (You found it on level 1 of the Dungeon)
 C - a ring of resist corrosion (left hand)
   (You found it on level 4 of the Dungeon)
 V - a +6 ring of intelligence
   (You found it on level 9 of the Dungeon)
 W - a ring of wizardry
   (You found it on level 7 of the Dungeon)
Wands
 d - a wand of iceblast (31)
   (You found it on level 6 of the Dungeon)
 f - a wand of flame (51)
   (You found it on level 5 of the Dungeon)
Scrolls
 g - 3 scrolls of summoning
 l - 3 scrolls of poison {unknown}
 m - 2 scrolls of fear
 o - a scroll of noise {unknown}
 p - 2 scrolls of immolation {!r}
 s - a scroll of amnesia
 t - 3 scrolls of teleportation {@r4}
 A - a scroll of magic mapping
 R - a scroll of brand weapon {unknown}
 S - 2 scrolls of vulnerability {unknown}
Potions
 e - a potion of flight {unknown}
 h - 3 potions of heal wounds {unknown}
 i - a potion of attraction {unknown}
 j - 2 potions of cancellation {unknown}
 q - a potion of magic {unknown}
 r - a potion of berserk rage {unknown}
 u - 5 potions of curing {@q1}
 z - a potion of brilliance {unknown}
 B - 2 potions of resistance {unknown}
 I - a potion of haste {unknown}
 M - a potion of lignification {unknown}
Miscellaneous
 N - a phial of floods
   (You found it on level 7 of the Dungeon)
 O - a piece from Xom's chessboard (14/15)
   (You found it on level 7 of the Dungeon)
 P - a tin of tremorstones (inert)
   (You found it on level 7 of the Dungeon)


   Skills:
 + Level 9.8(14.8) Fighting
 * Level 10.7(17.5) Axes
 - Level 7.4(15.1) Maces & Flails
 - Level 6.9(14.8) Polearms
 * Level 8.1(13.1) Ranged Weapons
 - Level 3.6(8.6) Armour
 - Level 3.6(8.6) Shields
 + Level 1.2(14.0) Invocations
 + Level 5.3(0.0) Evocations


You had 10 spell levels left.
You didn't know any spells.
Your spell library contained the following spells:

 Spells                   Type           Power      Damage    Failure   Level
 Apportation              Tloc           0%         N/A       99%         1
 Necrotise                Necr           0%         1d4       99%         1
 Passage of Golubria      Tloc           0%         N/A       100%        4
 Yara's Violent Unravell  Hex/Tmut       0%         3d3       100%        5
 Summon Small Mammal      Summ           Unusable   N/A       N/A         1
 Tukima's Dance           Hex            Unusable   N/A       N/A         3

Dungeon Overview and Level Annotations

Branches:
Dungeon (9/15)             Temple (1/1) D:4             Orc (1/2) D:9
  Sewer (visited)
   Lair: D:8-11

Altars:
Ashenzari
Cheibriados
Dithmenos
Elyvilon
Fedhas
Gozag
Kikubaaqudgha
Makhleb
Nemelex Xobeh
Okawaru
Qazlal
Ru
Sif Muna
Trog
Uskayaw
Vehumet
Wu Jian
Xom
Yredelemnul
Zin
The Shining One

Shops:
D:4 [

Annotations:
Orc:1 Gastronok


Innate Abilities, Weirdness & Mutations

You have a pair of horns on your head.
You reflexively headbutt those who attack you in melee.


Message History

Your +3 battleaxe of freezing glows with a cold blue light!
a - a +3 battleaxe of freezing (weapon)
Your +3 battleaxe of freezing stops glowing.
b - a +0 arbalest (weapon)
Q - 58 stones (gained 2)
You see here a +0 short sword.
There is an open door, spattered with blood here.
Items here: )))))))))) [[[[[ ††††.
Things that are here:
a +0 mace; a +0 chain mail; an orc skeleton You see here a +0 ring mail.
Found a stone staircase leading down.
Found 19 gold pieces.
You now have 585 gold pieces (gained 19).
There is a staircase to the Orcish Mines here.
You climb downwards.
Welcome to the Orcish Mines!
Gastronok gurgles horribly!
You hear a shout!
Found 35 gold pieces.
Found a stone staircase leading down.
There is a staircase back to the Dungeon here.
You gain the combat prowess of a mighty hero.
Found 16 gold pieces.
Gastronok bites you but does no damage.
An ogre comes into view. It is wielding a +0 giant club.
Unknown command.
You shoot a bolt. The bolt hits Gastronok!
The warg barely misses you.
You shoot a bolt. The bolt hits Gastronok!
The warg bites you but does no damage. The warg misses you.
You furiously retaliate!
You headbutt the warg! Gastronok bites you but does no damage.
You shoot a bolt. The bolt hits Gastronok!
The warg bites you but does no damage. The warg bites you.
The ogre barely misses you. Gastronok bites you!!
Unknown command.
You shoot a bolt. The bolt hits Gastronok!
The warg bites you but does no damage. The warg barely misses you.
The ogre hits you with a +0 giant club!!
* * * LOW HITPOINT WARNING * * *
Gastronok barely misses you.
You shoot a bolt. The bolt hits Gastronok!
The warg barely misses you. The warg bites you!
* * * LOW HITPOINT WARNING * * *
The ogre hits you with a +0 giant club!!
* * * LOW HITPOINT WARNING * * *
You shoot a bolt. The bolt barely misses Gastronok.
The warg barely misses you. The warg bites you but does no damage.
The ogre misses you. Gastronok bites you but does no damage.
Unknown command.
You shoot a bolt. The bolt hits Gastronok!!
The warg barely misses you. You furiously retaliate!
You headbutt the warg! The warg bites you but does no damage.
The ogre hits you with a +0 giant club!
You die...

....# ##....
########....
...........
........
##.....#
###....w.#
.$.....@O##
.......h<.#
....#.#........#
...#..##.....#.#
. $.. ##..>.#
#..# ...## #.#
##.. ## .## ##


You could see Gastronok, a warg and an ogre.

Vanquished Creatures
  A boulder beetle (D:7)
  3 two-headed ogres
  Pikel (D:6)
  A cyclops (D:7)
  An unseen horror (D:7)
  4 trolls
  A hornet (D:9)
  Sigmund (D:4)
  2 wraiths (D:7)
  2 shadows
  A yak (D:7)
  Menkaure (D:5)
  A water moccasin (D:7)
  An ice beast (D:6)
  Pargi (Sewer)
  6 orc warriors
  A sky beast (D:6)
  4 centaurs
  A phantom (D:4)
  2 kobold brigands (D:9)
  3 bullfrogs
  A necrophage (D:7)
  4 scorpions
  10 wights
  Crazy Yiuf (D:6)
  2 hounds
  3 jellies
  6 orc priests
  Jessica (D:2)
  6 orc wizards
  12 adders
  A shadow imp (D:7)
  A white imp (D:7)
  An ufetubus (D:5)
  A worm (D:3)
  4 dart slugs
  29 orcs
  9 ball pythons
  8 endoplasms
  7 giant cockroaches
  7 goblins
  7 hobgoblins
  2 quokkas (D:1)
  A bat (D:1)
  3 frilled lizards
  17 kobolds
  4 rats
187 creatures vanquished.

Notes
Turn   | Place    | Note
-------+----------+-------------------------------------------
     0 | D:1      | Pooter the Minotaur Fighter began the quest for the Orb.
     0 | D:1      | Reached XP level 1. HP: 19/19 MP: 0/0
    92 | D:1      | Reached XP level 2. HP: 27/27 MP: 1/1
   573 | D:1      | Reached XP level 3. HP: 32/33 MP: 2/2
   845 | D:2      | Noticed Jessica
   856 | D:2      | Killed Jessica
  1112 | D:2      | Reached XP level 4. HP: 41/41 MP: 3/3
  1882 | D:3      | Reached skill level 5 in Polearms
  2267 | D:4      | Reached XP level 5. HP: 47/47 MP: 4/4
  2297 | D:4      | Reached skill level 5 in Fighting
  2363 | D:4      | Found a sacrificial altar of Ru.
  2494 | D:4      | Identified the +7 flail of Outrage {speed, rPois}
  2504 | D:4      | Found a staircase to the Ecumenical Temple.
  2508 | D:4      | Reached skill level 1 in Maces & Flails
  2520 | Temple   | Entered the Ecumenical Temple
  2742 | D:4      | Noticed a phantom
  2751 | D:4      | Killed a phantom
  2752 | D:4      | Reached XP level 6. HP: 56/56 MP: 5/5
  2844 | D:4      | Noticed Sigmund
  2849 | D:4      | Killed Sigmund
  2993 | D:4      | Found Guipnael's Armour Emporium.
  3103 | D:4      | Found a faded altar of an unknown god.
  3103 | D:4      | Found the Hermit's Pendant {Faith Invo=14 Evo=0 MP+5}
  3107 | D:4      | Reached XP level 7. HP: 63/63 MP: 6/6
  3140 | D:5      | Entered Level 5 of the Dungeon
  3157 | D:5      | Found a glowing drain.
  3203 | Sewer    | Entered a sewer
  3266 | Sewer    | Noticed Pargi
  3269 | Sewer    | Killed Pargi
  3270 | Sewer    | Reached skill level 1 in Axes
  3422 | D:5      | Noticed Menkaure
  3431 | D:5      | Killed Menkaure
  3432 | D:5      | Reached skill level 2 in Axes
  3432 | D:5      | Reached skill level 5 in Maces & Flails
  3697 | D:5      | Reached skill level 3 in Axes
  3738 | D:5      | Identified a scroll of acquirement
  3739 | D:5      | Acquired the +4 hat of Objectivity {rC+ Str+3 Dex+3}
  3850 | D:5      | Found an iron altar of Okawaru.
  3851 | D:5      | Found a basalt altar of Yredelemnul.
  3885 | D:5      | Reached XP level 8. HP: 69/71 MP: 7/7
  4155 | D:5      | Found a white marble altar of Elyvilon.
  4155 | D:5      | Found a glowing golden altar of the Shining One.
  4156 | D:5      | Found a glowing silver altar of Zin.
  4388 | D:6      | Found an opulent altar of Gozag.
  4388 | D:6      | Found an ancient bone altar of Kikubaaqudgha.
  4468 | D:6      | Reached skill level 4 in Axes
  4472 | D:6      | Reached skill level 1 in Evocations
  4490 | D:6      | Noticed Pikel
  4497 | D:6      | Killed Pikel
  4498 | D:6      | Reached skill level 5 in Axes
  4573 | D:6      | Reached skill level 6 in Axes
  4588 | D:6      | Reached XP level 9. HP: 71/79 MP: 8/8
  4651 | D:6      | Found an ornate altar of the Wu Jian Council.
  4808 | D:6      | Reached skill level 1 in Ranged Weapons
  4860 | D:6      | Found a runed translucent door.
  4861 | D:6      | Noticed Crazy Yiuf
  4968 | D:6      | Killed Crazy Yiuf
  5631 | D:7      | Noticed a cyclops
  5633 | D:7      | Noticed a troll
  5830 | D:7      | Noticed a two-headed ogre
  5830 | D:7      | Noticed a boulder beetle
  5900 | D:7      | Reached skill level 7 in Axes
  5927 | D:7      | Killed a troll
  6027 | D:7      | Killed a two-headed ogre
  6028 | D:7      | Reached skill level 8 in Axes
  6072 | D:7      | Reached skill level 5 in Ranged Weapons
  6130 | D:7      | Noticed a troll
  6141 | D:7      | Killed a troll
  6142 | D:7      | Reached XP level 10. HP: 59/90 MP: 9/9
  6478 | D:7      | Killed a cyclops
  6479 | D:7      | Reached skill level 9 in Axes
  6482 | D:7      | Killed a boulder beetle
  6927 | D:5      | Became a worshipper of Warmaster Okawaru
  7331 | D:8      | Noticed a two-headed ogre
  7335 | D:8      | Killed a two-headed ogre
  7335 | D:8      | Reached * piety under Okawaru
  7421 | D:9      | Paralysed by a hornet for 2 turns
  7425 | D:9      | Reached skill level 10 in Axes
  7435 | D:9      | Noticed a two-headed ogre
  7662 | D:9      | Killed a two-headed ogre
  7662 | D:9      | Reached ** piety under Okawaru
  7663 | D:9      | Reached skill level 5 in Evocations
  7948 | D:9      | Reached XP level 11. HP: 93/99 MP: 20/20
  8133 | D:9      | Reached skill level 1 in Invocations
  8200 | D:9      | Found a staircase to the Orcish Mines.
  8418 | Orc:1    | Entered Level 1 of the Orcish Mines
  8418 | Orc:1    | Noticed Gastronok
  8427 | Orc:1    | Slain by an ogre

Illustrated notes

Levels and vault maps discovered:
D:1:      onia_arrival_handbag, layout_basic
D:2:      layout_basic, uniq_jessica
D:3:      layout_rooms
D:4:      layout_loops_cross, nicolae_ru_great_annihilating_truth,
          minmay_temple_entry_proselytizer, serial_shops, nicolae_diamond_shop,
          minivault_27, hellmonk_guarded_unrand_hermit, uniq_sigmund
D:5:      layout_cave_pools, good_gods_temple_1, nicolae_overflow_squiral,
          gup_sewer_entry_glass, kennysheep_diamond, uniq_menkaure
D:6:      layout_cave_pools, nicolae_wu_jian_wuxing_cycle,
          gammafunk_temple_overflow_elements, uniq_pikel,
          uniq_crazy_yiuf_cottage
D:7:      minmay_the_grid_triangle_9x9_recursive_2
          [minmay_the_grid_triangle_9x9_prize_top_heavy,
          minmay_the_grid_triangle_9x9_warning,
          minmay_the_grid_triangle_9x9_corruption,
          minmay_the_grid_triangle_9x9_longest], layout_rooms, serial_rivers,
          chequers_serial_rivers_room_a, chequers_serial_rivers_small_b,
          chequers_serial_rivers_small_a, chequers_serial_rivers_micro_e,
          chequers_serial_rivers_large_a
D:8:      layout_basic
D:9:      layout_loops_corners, david_orc_3
Temple:   hellmonk_temple_flake
Orc:1:    layout_diamond_mine, led_sif_book, uniq_gastronok

Skill      XL: |  1  2  3  4  5  6  7  8  9 10 11 |
---------------+----------------------------------+-----
Polearms       | 3 4 5 6 |  6.9
Fighting       | 4 5 6 7 8 9 |  9.8
Maces & Flails | 2 3 5 7 |  7.4
Axes           | 3 6 8 10 | 10.7
Evocations     | 2 3 5 |  5.3
Ranged Weapons | 5 7 8 |  8.1
Invocations    | 1 |  1.2
Armour         | |  3.6
Shields        | |  3.6

Action                   |  1- 3 |  4- 6 |  7- 9 | 10-12 || total
-------------------------+-------+-------+-------+-------++-------
Melee: Trident           |    61 |    66 |     4 |       ||   131
       Headbutt          |     4 |     7 |    15 |    12 ||    38
       Flail             |       |    15 |    76 |       ||    91
       Battleaxe         |       |       |    53 |    93 ||   146
 Fire: Shortbow          |       |       |    13 |       ||    13
       Arbalest          |       |       |       |    24 ||    24
Throw: Stone             |     2 |    19 |     4 |       ||    25
       Javelin           |       |       |       |     2 ||     2
Invok: Heroism           |       |       |       |     6 ||     6
Evoke: Wand              |       |       |     3 |       ||     3
       Piece from Xom's  |       |       |       |     3 ||     3
       Tin of tremorston |       |       |       |     2 ||     2
  Use: Scroll            |       |     4 |     7 |       ||    11
       Potion            |       |     1 |     3 |     1 ||     5
 Stab: Sleeping          |       |     1 |     1 |       ||     2
       Paralysed         |       |       |       |     8 ||     8
Armor: Scale mail        |    12 |       |       |       ||    12
       Robe              |       |    13 |    35 |       ||    48
       Chain mail        |       |       |    12 |    39 ||    51
       Plate armour      |       |       |       |    36 ||    36
Dodge: Dodged            |    12 |    18 |    55 |    60 ||   145
Block: Buckler           |     8 |     9 |    12 |       ||    29

Table legend: (Time is in decaauts)
 A = Elapsed time spent in this place.
 B = Non-inter-level travel time spent in this place.
 C = Inter-level travel time spent in this place.
 D = Time resting spent in this place.
 E = Time spent auto-exploring this place.
 F = Levels seen in this place.
 G = Mean time per level.
                   A        B        C        D        E       F      G
               +--------+--------+--------+--------+--------+-----+--------+
         Total |   8502 |   8266 |    236 |   1351 |   5439 |  12 |  708.5 |
       Dungeon |   8187 |   7960 |    227 |   1351 |   5312 |   9 |  909.7 |
        Temple |    149 |    140 |      9 |      0 |    127 |   1 |  149.0 |
  Orcish Mines |     12 |     12 |      0 |      0 |      0 |   1 |   12.0 |
         Sewer |    152 |    152 |      0 |      0 |      0 |   1 |  152.0 |
               +--------+--------+--------+--------+--------+-----+--------+

Top non-repeatable levels by time:
     D:7: 1891 daAuts
     D:2: 1102 daAuts
     D:5: 1080 daAuts
     D:6: 831 daAuts
     D:9: 784 daAuts
     D:4: 735 daAuts
     D:1: 697 daAuts
     D:8: 595 daAuts
     D:3: 469 daAuts
   Sewer: 152 daAuts
  Temple: 149 daAuts
   Orc:1: 12 daAuts
